 Dungeon Crawl Stone Soup version 0.32-a0-938-g40ac7a0f4d (webtiles) character file.

Game seed: 478019022320204696

14448 Autsider the Destroyer (level 11, -3/64 HPs)
             Began as a Deep Elf Hedge Wizard on Apr 15, 2024.
             Was a Priest of Sif Muna.
             Slain by a skeletal warrior
             ... wielding a +0 morningstar
              (20 damage)
             ... on level 10 of the Dungeon.
             The game lasted 00:53:54 (17120 turns).

Autsider the Destroyer (Deep Elf Hedge Wizard)     Turns: 17120, Time: 00:53:54

Health: -3/64      AC:  8    Str:  7    XL:     11   Next: 88%
Magic:  4/25       EV: 13    Int: 26    God:    Sif Muna [***...]
Gold:   507        SH:  0    Dex: 14    Spells: 16/26 levels left

rFire   + . .        k - +8 dagger of Hasontum {freeze, rPois rN+ Int+2 Stlth+, !a}
rCold   . . .        (no shield)
rNeg    + + .        B - +3 leather armour {rF+}
rPois   +            l - +0 helmet
rElec   .            (no cloak)
rCorr   .            C - +0 pair of gloves
SInv    .            (no boots)
Will    +....        D - amulet of magic regeneration
Stlth   +++          H - ring of positive energy
HPRegen 0.30/turn    (no ring)
MPRegen 0.59/turn

%: no passive effects
@: no status effects
A: no striking features
a: Renounce Religion, Channel Magic, Forget Spell


You were on level 10 of the Dungeon.
You worshipped Sif Muna.
Sif Muna was most pleased with you.
You visited 2 branches of the dungeon, and saw 12 of its levels.

You collected 584 gold pieces.
You spent 77 gold pieces at shops.

Inventory:

Hand Weapons
 k - the +8 dagger of Hasontum (weapon) {freeze, rPois rN+ Int+2 Stlth+, !a}
   (You found it on level 4 of the Dungeon)

   Int+2:     It affects your intelligence (+2).
   rPois:     It protects you from poison.
   rN+:       It protects you from negative energy.
   Stlth+:    It makes you more stealthy.
 I - the +7 mace of Variability {chaos, chaos arc}
   (You found it on level 8 of the Dungeon)
 K - the +11 Singing Sword {sonic wave}
   (You found it on level 9 of the Dungeon)
Missiles
 c - 3 throwing nets
Armour
 l - a +0 helmet (worn)
 m - an orb of energy
 B - a +3 leather armour of fire resistance (worn)
 C - a +0 pair of gloves (worn)
 J - a +2 leather armour of willpower
 N - a +2 robe of cold resistance
Magical Staves
 q - a staff of cold
Jewellery
 p - an amulet of the acrobat
 w - a ring of ice
 D - an amulet of magic regeneration (around neck)
 H - a ring of positive energy (left hand)
 L - a ring of flight
 M - a ring of ice
Wands
 d - a wand of charming (3)
 y - a wand of polymorph (2)
 G - a wand of warping (15)
Scrolls
 e - a scroll of noise
 h - 4 scrolls of teleportation {@r2}
 i - a scroll of fog
 j - a scroll of vulnerability
 n - 3 scrolls of immolation
 o - a scroll of revelation
 s - a scroll of blinking
 v - a scroll of amnesia
 x - 2 scrolls of enchant weapon
 E - a scroll of poison
Potions
 a - 2 potions of ambrosia
 f - 2 potions of mutation {unknown}
 g - a potion of might {unknown}
 r - 2 potions of brilliance {unknown}
 t - 4 potions of heal wounds {@q2}
 u - a potion of cancellation {unknown}
 z - 2 potions of curing {unknown}
 A - 2 potions of berserk rage {unknown}
 F - 2 potions of invisibility {unknown}
 O - a potion of attraction {unknown}
 P - 2 potions of haste {unknown}


   Skills:
 + Level 6.0 Fighting
 - Level 8.0 Dodging
 + Level 4.0 Stealth
 - Level 8.0 Spellcasting
 + Level 9.0 Conjurations
 + Level 9.0 Summonings
 - Level 1.1 Translocations
 - Level 4.0 Ice Magic
 + Level 8.0 Air Magic
 - Level 8.0 Invocations


You had 16 spell levels left.
You knew the following spells:

 Your Spells              Type           Power      Damage    Failure   Level
a - Magic Dart            Conj           100%       1d8       1%          1
b - Airstrike             Air            25%        2d(4-20)  3%          4
w - Mephitic Cloud        Conj/Alch/Air  39%        N/A       2%          3
A - Call Imp              Summ           100%       N/A       1%          2

Your spell library contained the following spells:

 Spells                   Type           Power      Damage    Failure   Level
 Shock                    Conj/Air       100%       1d9       1%          1
 Momentum Strike          Conj/Tloc      72%        3d10      1%          2
 Swiftness                Air            51%        N/A       1%          3
 Cigotuvi's Dreadful Rot  Necr/Alch/Air  48%        N/A       4%          2
 Dazzling Flash           Conj/Hex       66%        N/A       4%          3
 Arcjolt                  Conj/Air       26%        1d36      7%          5
 Slow                     Hex            40%        N/A       9%          1
 Blink                    Tloc           32%        N/A       9%          2
 Lesser Beckoning         Tloc           32%        N/A       9%          2
 Sublimation of Blood     Necr           10%        N/A       13%         2
 Vhi's Electric Charge    Tloc/Air       68%        N/A       13%         4
 Irradiate                Conj/Alch      16%        3d17      36%         5
 Conjure Ball Lightning   Conj/Air       26%        3x3d7     36%         6
 Silence                  Hex/Air        15%        N/A       41%         5
 Petrify                  Alch/Erth      10%        N/A       63%         4
 Curse of Agony           Necr           10%        N/A       93%         5
 Plasma Beam              Fire/Air       15%        2x1d27    94%         6
 Discord                  Hex            5%         N/A       100%        8
 Disjunction              Tloc           8%         N/A       100%        8


Dungeon Overview and Level Annotations

Branches:
Dungeon (11/15)            Temple (1/1) D:4            Lair (0/5) D:10
    Orc (0/2) D:9

Altars:
Ashenzari
Cheibriados
Dithmenos
Elyvilon
Fedhas
Gozag
Hepliaklqana
Kikubaaqudgha
Makhleb
Nemelex Xobeh
Okawaru
Qazlal
Ru
Sif Muna
Trog
Uskayaw
Vehumet
Wu Jian
Xom
Yredelemnul
Zin
The Shining One

Shops:
D:8 *   D:10 (

Annotations:
D:3 3 runed translucent doors, Tanttac's ghost, weakling DrBe
D:4 exclusion: black bear
D:5 exclusions: downstairs and 2 more exclusions
D:7 exclusion: downstairs
D:8 exclusion: downstairs
D:9 exclusion: downstairs


Message History

Confirm with . or Enter, or press ? or * to list all spells.
Aiming: Airstrike (dangerous; 3% risk of failure)
Press: ? - help, Dir - move target, f/p - skeletal warrior
Aim: a skeletal warrior, wielding a +0 morningstar (lightly damaged, empty space bonus: 8/8)
The air twists around and strikes the skeletal warrior!!
The skeletal warrior is heavily damaged.
Casting: Airstrike (dangerous; 3% risk of failure)
Confirm with . or Enter, or press ? or * to list all spells.
Aiming: Airstrike (dangerous; 3% risk of failure)
Press: ? - help, Dir - move target, f/p - skeletal warrior
Aim: a skeletal warrior, wielding a +0 morningstar (heavily damaged, empty space bonus: 8/8)
The air twists around and strikes the skeletal warrior!
The skeletal warrior is severely damaged.
Casting: Airstrike (dangerous; 3% risk of failure)
Confirm with . or Enter, or press ? or * to list all spells.
Aiming: Airstrike (dangerous; 3% risk of failure)
Press: ? - help, Dir - move target, f/p - skeletal warrior
Aim: a skeletal warrior, wielding a +0 morningstar (severely damaged, empty space bonus: 7/8)
The air twists around and strikes the skeletal warrior.
The skeletal warrior is severely damaged.
The skeletal warrior hits you with a +0 morningstar!
* * * LOW HITPOINT WARNING * * *
Casting: Airstrike (dangerous; 3% risk of failure)
Confirm with . or Enter, or press ? or * to list all spells.
Aiming: Airstrike (dangerous; 3% risk of failure)
Press: ? - help, Dir - move target, f/p - skeletal warrior
Aim: a skeletal warrior, wielding a +0 morningstar (severely damaged, empty space bonus: 7/8)
The air twists around and strikes the skeletal warrior.
The skeletal warrior is severely damaged.
The skeletal warrior hits you with a +0 morningstar!!
* * * LOW HITPOINT WARNING * * *
Casting: Airstrike (dangerous; 3% risk of failure)
Confirm with . or Enter, or press ? or * to list all spells.
Aiming: Airstrike (dangerous; 3% risk of failure)
Press: ? - help, Dir - move target, f/p - skeletal warrior
Aim: a skeletal warrior, wielding a +0 morningstar (severely damaged, empty space bonus: 7/8)
The air twists around and strikes the skeletal warrior!
The skeletal warrior is almost destroyed.
The skeletal warrior hits you with a +0 morningstar!!
You die...

###..................####....
#...............##.## ##....
###...#..........#..####.....
#.....#..........#...##......
#...##.###.................<.
#....#.................###.).
###..........................∩
##...........................#.
#.............@z.....>.........
##.............................
#####.........................
##.#......#...............
#.##....##..#............
#.#......................
#.#.≈≈≈≈≈≈≈≈≈............
#.#.≈.......≈............
#.#.≈.≈≈≈≈≈.≈............


You could see a skeletal warrior.

Vanquished Creatures
  Fannar (D:9)
  A centaur warrior (D:8)
  2 two-headed ogres
  Amaemon (D:9)
  6 skeletal warriors
  An ugly thing (D:8)
  An orange demon (D:9)
  Sigmund (D:5)
  A shadow (D:7)
  2 wraiths (D:10)
  2 wyverns
  3 yaks
  2 chaos spawn (D:8)
  A steam dragon (D:8)
  5 vampire mosquitoes
  4 water moccasins
  2 orc warriors
  An ice beast (D:8)
  A sky beast (D:7)
  2 black bears
  An ogre (D:5)
  4 centaurs
  8 bullfrogs
  2 kobold brigands (D:9)
  3 gnoll sergeants
  9 scorpions
  11 wights
  12 killer bees
  A howler monkey (D:8)
  3 hounds
  4 jellies
  A gnoll bouda (D:7)
  A sleepcap (D:5)
  3 iguanas
  8 orc wizards
  2 human simulacra (D:7)
  11 adders
  16 gnolls
  2 shadow imps
  A white imp (D:6)
  6 ufetubi
  24 orcs
  4 endoplasms
  5 giant cockroaches
  8 goblins
  6 hobgoblins
  6 jackals
  4 quokkas
  10 ball pythons
  9 bats
  8 frilled lizards
  17 kobolds
  2 rats
252 creatures vanquished.

Vanquished Creatures (collateral kills)
  2 yaks (D:5)
  An ogre (D:5)
  A hound (D:5)
  An orc priest (D:5)
  A sleepcap (D:5)
  A gnoll (D:5)
  An adder (D:3)
  A goblin (D:3)
9 creatures vanquished.

Grand Total: 261 creatures vanquished

Notes
Turn   | Place    | Note
-------+----------+-------------------------------------------
     0 | D:1      | Autsider the Deep Elf Hedge Wizard began the quest for the
                  | Orb.
     0 | D:1      | Reached XP level 1. HP: 10/10 MP: 7/7
   275 | D:1      | Reached XP level 2. HP: 15/15 MP: 6/9
   563 | D:1      | You fall into a shaft and drop 1 floor!
   867 | D:1      | Found a faded altar of an unknown god.
   990 | D:1      | Reached XP level 3. HP: 19/19 MP: 8/10
  1741 | D:2      | Learned a level 2 spell: Call Imp
  2119 | D:3      | Found a runed translucent gate.
  2261 | D:3      | Found a runed translucent gate.
  2265 | D:3      | Noticed Tanttac's ghost (weakling DrBe)
  2399 | D:3      | Reached XP level 4. HP: 24/24 MP: 6/12
  2683 | D:3      | Found a hide-covered altar of Uskayaw.
  2748 | D:3      | Found a radiant altar of Vehumet.
  3020 | D:3      | Found a runed translucent gate.
  3023 | D:3      | Noticed a kobold brigand
  3494 | D:4      | Found an ancient bone altar of Kikubaaqudgha.
  3499 | D:4      | Learned a level 3 spell: Mephitic Cloud
  3702 | D:4      | Found a staircase to the Ecumenical Temple.
  3711 | D:4      | Identified the +8 dagger of Hasontum {freeze, rPois rN+
                  | Int+2 Stlth+}
  3720 | Temple   | Entered the Ecumenical Temple
  3750 | D:4      | Noticed a black bear
  3891 | D:4      | Reached XP level 5. HP: 28/28 MP: 8/13
  4160 | D:5      | Entered Level 5 of the Dungeon
  4424 | D:5      | Reached skill level 1 in Ice Magic
  4705 | D:5      | Reached skill level 1 in Air Magic
  4890 | D:5      | Noticed Sigmund
  4915 | D:5      | Reached XP level 6. HP: 32/32 MP: 1/14
  5358 | D:5      | Reached skill level 5 in Spellcasting
  5373 | D:5      | Reached XP level 7. HP: 26/36 MP: 1/17
  5996 | D:5      | Killed Sigmund
  6002 | D:5      | Reached skill level 1 in Fighting
  6103 | D:5      | Found a burning altar of Makhleb.
  6115 | D:5      | Found a hazy altar of Hepliaklqana.
  6244 | D:6      | Reached XP level 8. HP: 43/43 MP: 8/19
  6467 | D:5      | Reached skill level 5 in Conjurations
  7328 | D:6      | Reached skill level 5 in Air Magic
  7528 | D:6      | Found a shimmering altar of Xom.
  7687 | D:6      | Learned a level 4 spell: Airstrike
  8464 | D:6      | Reached XP level 9. HP: 44/50 MP: 2/20
  9100 | D:6      | Found a shimmering blue altar of Sif Muna.
  9105 | D:6      | Became a worshipper of Sif Muna the Loreminder
  9542 | D:7      | Reached skill level 5 in Dodging
 10223 | D:7      | Reached skill level 5 in Summonings
 11454 | D:8      | Noticed a centaur warrior
 11590 | D:8      | Found a glowing golden altar of the Shining One.
 11637 | D:8      | Reached * piety under Sif Muna
 11831 | D:8      | Killed a centaur warrior
 11832 | D:8      | Reached XP level 10. HP: 56/56 MP: 0/24
 12875 | D:8      | Noticed a two-headed ogre
 12893 | D:8      | Killed a two-headed ogre
 13123 | D:8      | Noticed a red ugly thing
 13353 | D:8      | Found a sacrificial altar of Ru.
 13508 | D:8      | Found Epriogis's General Store.
 13514 | D:8      | Bought a scroll of identify for 22 gold pieces
 13514 | D:8      | Bought a potion of heal wounds for 55 gold pieces
 13534 | D:8      | Killed a red ugly thing
 13607 | D:8      | Found a shimmering altar of Xom.
 13607 | D:8      | Found the +7 mace of Variability {chaos, chaos arc}
 13986 | D:9      | Found a staircase to the Orcish Mines.
 14439 | D:9      | Found an iron altar of Okawaru.
 14533 | D:9      | Noticed an orange demon
 14534 | D:9      | Noticed Amaemon
 14547 | D:9      | Killed an orange demon
 14910 | D:9      | Killed Amaemon
 14911 | D:9      | Reached skill level 5 in Fighting
 14980 | D:9      | Found a stormy altar of Qazlal.
 15189 | D:9      | Found the +11 Singing Sword {sonic wave}
 15237 | D:9      | Reached ** piety under Sif Muna
 15281 | D:10     | Entered Level 10 of the Dungeon
 15281 | D:10     | Noticed Fannar
 15281 | D:10     | Found Royma's Antique Weapon Emporium.
 15299 | D:10     | Noticed a two-headed ogre
 15304 | D:10     | Killed a two-headed ogre
 15305 | D:10     | Reached skill level 1 in Invocations
 15305 | D:10     | Reached XP level 11. HP: 64/64 MP: 6/25
 15749 | D:9      | Killed Fannar
 15937 | D:10     | Found an ornate altar of the Wu Jian Council.
 16052 | D:10     | Found a staircase to the Lair.
 16118 | D:10     | Noticed a skeletal warrior
 16121 | D:10     | Noticed a skeletal warrior
 16137 | D:10     | Killed a skeletal warrior
 16204 | D:10     | Killed a skeletal warrior
 16251 | D:10     | Noticed a skeletal warrior
 16251 | D:10     | Noticed a skeletal warrior
 16268 | D:10     | Killed a skeletal warrior
 16269 | D:10     | Reached skill level 5 in Invocations
 16325 | D:10     | Killed a skeletal warrior
 16414 | D:10     | Found a shadowy altar of Dithmenos.
 16568 | D:10     | Found a bloodstained altar of Trog.
 16777 | D:11     | Noticed a skeletal warrior
 16777 | D:11     | Noticed a skeletal warrior
 16781 | D:11     | Noticed a skeletal warrior
 16782 | D:11     | Noticed a skeletal warrior
 16855 | D:11     | Killed a skeletal warrior
 16986 | D:11     | Reached *** piety under Sif Muna
 17037 | D:10     | Killed a skeletal warrior
 17120 | D:10     | Slain by a skeletal warrior

Illustrated notes

Levels and vault maps discovered:
D:1:      beargit_arrival_greenhouse, layout_basic,
          shapermc_ecumenical_altar_acropolis
D:2:      layout_basic
D:3:      layout_loops_ring, eat_drink_and_be_merry_uskayaw,
          mainiacjoe_overflow_alcove_4, gammafunk_ghost_nasty_kobolds,
          minivault_4, kennysheep_generic_room_11
D:4:      layout_basic, kiku_gazebo_garden_becter, minmay_temple_entry_offerings
D:5:      layout_basic, mainiacjoe_overflow_large_starburst, uniq_sigmund
D:6:      layout_loops_ring, nicolae_sif_muna_little_library, dk_xom_monty_hall
D:7:      layout_basic, bh_circular_ruins
D:8:      minmay_ornate_pinched, layout_loops_corners,
          nicolae_tso_swordbearing_angel, nicolae_ru_path_of_blood,
          serial_shops, shop, moated_statue, minmay_guarded_unrand_variability
D:9:      old_forge, layout_long_grid, lemuel_round_altar,
          mainiacjoe_overflow_cross_hatched,
          hangedman_abyss_or_decor_lesser_grid, minmay_misc_feat_tiny,
          uniq_amaemon
D:10:     layout_cave_pools, trog_hazing_becter,
          mainiacjoe_overflow_small_starburst,
          mainiacjoe_overflow_concentric_impassable,
          due_lair_maze_entry_diamond, serial_shops, shop, uniq_fannar
D:11:     minmay_the_grid_net [minmay_the_grid_minigrid_medium,
          minmay_the_grid_diamond_grid, minmay_the_grid_outer_diamond,
          minmay_the_grid_square_x, minmay_the_grid_eight,
          minmay_the_grid_prize_four_corners_diamond_a], layout_cave_pools,
          nicolae_trove_entry_free_sample
Temple:   nicolae_temple_superstar

Skill      XL: |  1  2  3  4  5  6  7  8  9 10 11 |
---------------+----------------------------------+-----
Conjurations   | 2 3 4 6 7 8 9 |  9.0
Stealth        | 3 4 |  4.0
Dodging        | 3 4 6 8 |  8.0
Summonings     | 2 3 4 5 8 9 |  9.0
Ice Magic      | 1 3 4 |  4.0
Air Magic      | 1 2 4 6 7 8 |  8.0
Spellcasting   | 5 6 8 |  8.0
Fighting       | 1 3 5 6 |  6.0
Invocations    | 1 8 |  8.0
Translocations | |  1.1

Action                     |  1- 3 |  4- 6 |  7- 9 | 10-12 || total
---------------------------+-------+-------+-------+-------++-------
  Melee: Unarmed           |       |     3 |       |       ||     3
   Cast: Magic Dart        |   100 |   132 |   221 |   168 ||   621
         Call Imp          |       |     8 |    19 |     7 ||    34
         Mephitic Cloud    |       |    12 |    28 |    18 ||    58
         Airstrike         |       |       |    72 |   180 ||   252
    Use: Scroll            |     2 |     4 |     5 |     4 ||    15
         Potion            |       |       |     2 |       ||     2
 Armour: Robe              |    10 |    13 |    49 |       ||    72
         Leather armour    |       |       |    18 |    67 ||    85
  Dodge: Dodged            |    15 |    16 |   113 |    74 ||   218

Table legend: (Time is in decaauts)
 A = Elapsed time spent in this place.
 B = Non-inter-level travel time spent in this place.
 C = Inter-level travel time spent in this place.
 D = Time resting spent in this place.
 E = Time spent auto-exploring this place.
 F = Levels seen in this place.
 G = Mean time per level.
                   A        B        C        D        E       F      G
               +--------+--------+--------+--------+--------+-----+--------+
         Total |  17129 |  16412 |    717 |   3627 |   9560 |  12 | 1427.4 |
       Dungeon |  17127 |  16410 |    717 |   3627 |   9560 |  11 | 1557.0 |
        Temple |      1 |      1 |      0 |      0 |      0 |   1 |    1.0 |
               +--------+--------+--------+--------+--------+-----+--------+

Top non-repeatable levels by time:
     D:5: 2522 daAuts
     D:7: 2383 daAuts
     D:8: 2343 daAuts
     D:6: 2230 daAuts
     D:9: 1910 daAuts
     D:3: 1292 daAuts
    D:10: 1155 daAuts
     D:2: 1147 daAuts
     D:4: 1027 daAuts
     D:1: 973 daAuts
    D:11: 142 daAuts
  Temple: 1 daAuts
